 Dungeon Crawl Stone Soup version 0.26.1-11-gd32895ea62 (webtiles) character file.

Game seed: 718855140137097780

7485 H0rd4k the Martial Artist (level 11, -12/67 HPs)
             Began as an Octopode Transmuter on July 9, 2021.
             Was an Initiate of Gozag.
             Shot with an arrow by a centaur warrior (18 damage)
             ... on level 11 of the Dungeon.
             The game lasted 00:12:52 (14650 turns).

H0rd4k the Martial Artist (Octopode Transmuter)    Turns: 14650, Time: 00:12:52

Health: -12/67     AC:  3    Str: 10    XL:     11   Next: 16%
Magic:  21/21      EV: 20    Int: 19    God:    Gozag
Gold:   1318       SH:  5    Dex: 12    Spells: 15/24 levels left

rFire    . . .     SeeInvis +     - Unarmed
rCold    . . .     Faith    .   (no shield)
rNeg     . . .     Spirit   .   y - +2 hat
rPois    .         Reflect  +   l - amulet of reflection
rElec    .         Harm     .   h - ring of resist corrosion
rCorr    +         Rampage  .   B - +4 ring of evasion
Will     .....                  G - ring of see invisible
Stlth    +++.......             (no ring)
HPRegen  0.21/turn              (no ring)
MPRegen  0.17/turn              (no ring)
                                (no ring)
                                (no ring)

@: lethally poisoned (-12 -> -13), gold aura
A: almost no armour, stealthy swim, amphibious, 8 rings, constrict 8, camouflage
1, gelatinous body 1
a: Renounce Religion, Potion Petition, Call Merchant, Bribe Branch


You were on level 11 of the Dungeon.
You worshipped Gozag.
Gozag was most pleased with you.
You visited 2 branches of the dungeon, and saw 12 of its levels.

You collected 1611 gold pieces.
You spent 165 gold pieces at shops.
You paid 128 gold pieces to Gozag.

Inventory:

Missiles
 a - 4 atropa-tipped darts
 w - 26 poisoned darts
Armour
 y - a +2 hat (worn)
Magical Staves
 F - an uncursed staff of poison {unknown}
Jewellery
 h - a ring of resist corrosion (left tentacle)
 l - an amulet of reflection (around mantle)
 B - a +4 ring of evasion (right tentacle)
 G - a ring of see invisible (on tentacle)
 I - an uncursed amulet of the acrobat {unknown}
Wands
 s - a wand of acid (19)
 v - a wand of iceblast (16)
 D - a wand of paralysis (10)
Scrolls
 b - 5 scrolls of remove curse {unknown}
 c - 2 scrolls of blinking {unknown}
 e - a scroll of fear
 i - a scroll of immolation {unknown}
 j - 6 scrolls of teleportation {unknown}
 k - 5 scrolls of enchant armour
 t - 3 scrolls of magic mapping {unknown}
 A - a scroll of fog {unknown}
 C - 5 scrolls of identify
 E - a scroll of torment {unknown}
 H - a scroll of holy word {unknown}
Potions
 d - a potion of mutation {unknown}
 f - 5 potions of curing
 m - 2 potions of brilliance
 n - 3 potions of might
 o - a potion of berserk rage
 p - 5 potions of attraction
 q - a potion of ambrosia {unknown}
 r - a potion of lignification {unknown}
 u - a potion of resistance {unknown}
 x - a potion of degeneration
 z - 2 potions of flight {unknown}


   Skills:
 + Level 3.6 Fighting
 + Level 6.6 Dodging
 - Level 1.6 Stealth
 + Level 3.2 Shields
 + Level 11.0 Unarmed Combat
 * Level 7.0 Spellcasting
 * Level 7.1 Transmutations
 - Level 1.0 Poison Magic
 + Level 0.5 Evocations


You had 15 spell levels left.
You knew the following spells:

 Your Spells              Type           Power        Failure   Level
a - Beastly Appendage     Tmut           66%          1%          1
b - Spider Form           Tmut/Pois      11%          5%          3
c - Blade Hands           Tmut           16%          14%         5

Your spell library contained the following spells:

 Spells                   Type           Power        Failure   Level
 Wereblood                Tmut           33%          1%          2
 Ice Form                 Ice/Tmut       20%          22%         4


Dungeon Overview and Level Annotations

Branches:
Dungeon (11/15)            Temple (1/1) D:6            Lair (0/6) D:10
    Orc: D:9-12

Altars:
Cheibriados
Dithmenos
Elyvilon
Fedhas
Gozag
Hepliaklqana
Kikubaaqudgha
Makhleb
Nemelex Xobeh
Okawaru
Qazlal
Ru
Sif Muna
Trog
Uskayaw
Vehumet
Wu Jian
Xom
Yredelemnul
Zin
The Shining One

Shops:
D:5 !   D:10 =(

Annotations:
D:4 Grinder
D:9 exclusion: vampire
D:11 3 runed translucent doors, exclusion: 3 doors, Ijustatesigmund's ghost, journeyman OpFi


Innate Abilities, Weirdness & Mutations

You cannot wear most types of armour.
You are very stealthy in the water. (Stealth+)
You are amphibious.
You can wear up to eight rings at the same time.
You can use your tentacles to constrict eight enemies at once.
Your skin changes colour to match your surroundings (Stealth+).
Your rubbery body absorbs attacks. (AC +1, EV +1)


Message History

The arrow hits the worker ant!
The centaur warrior shoots an arrow.
The arrow hits you!!
* * * LOW HITPOINT WARNING * * *
The centaur becomes distracted by the nearby gold, dreaming of imaginary riches.
Okay, then.
Unknown command.
Okay, then.
Unknown command.
Okay, then.
Unknown command.
Okay, then.
Unknown command.
As you read the scroll labelled ZITRUEDOOL, it crumbles to dust.
You assume a fearsome visage.
The centaur warrior resists with some effort.
The centaur looks frightened! x3; The worker ant looks frightened!
It was a scroll of fear.
The centaur warrior shoots an arrow.
The arrow hits you!!
You die...
Your body crumbles into a pile of gold.

#.......# #.......#
#.....# #.....+ .
+.....#
..#####.....#####+###
..........cc......(.#
...........B........#
.....(.$...c.$((@...#
............c....((.#
................((..#
..##############....#
..#....#..#....#....#
. #....#..#....#....#
##'###..##...#....#
#...##..##...#....#
#............#....#


You could see a centaur warrior, 3 centaurs and a worker ant (fleeing).

Vanquished Creatures
  A tengu warrior (D:10)
  An ugly thing (D:10)
  A manticore (D:10)
  A komodo dragon (D:10)
  A tengu conjurer (D:10)
  A troll (D:11)
  Prince Ribbit (D:7)
  A wyvern (D:9)
  2 yaks (D:11)
  Edmund (D:6)
  2 acid dragons (D:11)
  2 water moccasins
  3 soldier ants (D:10)
  Duvessa (D:7)
  4 sky beasts
  3 ice beasts
  2 black bears
  An orc warrior (D:8)
  A centaur (D:11)
  4 ogres
  A big kobold (D:7)
  7 bullfrogs
  A water moccasin zombie (D:7)
  Dowan (D:7)
  A scorpion (D:4)
  A killer bee (D:10)
  7 wights
  A howler monkey (D:10)
  A bullfrog zombie (D:10)
  A centaur zombie (D:7)
  A bullfrog skeleton (D:9)
  7 hounds
  6 orc wizards
  A centaur skeleton (D:11)
  6 orc priests
  2 jellies
  A gnoll shaman (D:7)
  3 iguanas
  13 worker ants
  12 adders
  10 gnolls
  An ufetubus (D:7)
  An ooze (D:3)
  3 worms
  2 dart slugs (D:1)
  3 leopard geckos
  24 orcs
  A ball python (D:1)
  2 bat zombies (D:3)
  8 giant cockroaches
  6 goblins
  5 hobgoblins
  9 jackals
  9 kobolds
  6 quokkas
  8 bats
  5 frilled lizards
  A jackal skeleton (D:7)
  2 leopard gecko skeletons
  10 rats
224 creatures vanquished.

Vanquished Creatures (others)
  2 kobolds (D:7)
  3 plants (D:10)
5 creatures vanquished.

Grand Total: 229 creatures vanquished

Notes
Turn   | Place    | Note
-------+----------+-------------------------------------------
     0 | D:1      | H0rd4k the Octopode Transmuter began the quest for the Orb.
     0 | D:1      | Reached XP level 1. HP: 13/13 MP: 3/3
   290 | D:1      | Reached XP level 2. HP: 18/18 MP: 5/5
  1525 | D:2      | Reached XP level 3. HP: 23/23 MP: 6/6
  1959 | D:2      | Reached skill level 1 in Stealth
  2527 | D:2      | Reached XP level 4. HP: 26/28 MP: 7/7
  2752 | D:2      | Learned a level 3 spell: Spider Form
  2786 | D:3      | Found a faded altar of an unknown god.
  3096 | D:3      | Reached skill level 4 in Unarmed Combat
  3814 | D:3      | Reached skill level 1 in Poison Magic
  3814 | D:3      | Reached XP level 5. HP: 33/33 MP: 8/8
  3914 | D:3      | Found an ancient bone altar of Kikubaaqudgha.
  4840 | D:4      | Noticed Grinder
  4872 | D:4      | Reached XP level 6. HP: 37/38 MP: 5/10
  5058 | D:4      | Reached skill level 5 in Unarmed Combat
  5137 | D:4      | You fall into a shaft and drop 1 floor!
  5137 | D:5      | Entered Level 5 of the Dungeon
  5358 | D:5      | Found Wyemm's Distillery.
  5558 | D:5      | Reached XP level 7. HP: 42/44 MP: 7/11
  5865 | D:5      | Found a sparkling altar of Nemelex Xobeh.
  5868 | D:5      | Found a shadowy altar of Dithmenos.
  6278 | D:5      | Found a snail-covered altar of Cheibriados.
  6278 | D:5      | Found a hazy altar of Hepliaklqana.
  6377 | D:5      | Found an iron altar of Okawaru.
  6588 | D:6      | Reached skill level 6 in Unarmed Combat
  6642 | D:6      | Reached XP level 8. HP: 27/50 MP: 11/13
  7012 | D:6      | Noticed Edmund
  7037 | D:6      | Killed Edmund
  7038 | D:6      | Reached skill level 7 in Unarmed Combat
  7395 | D:6      | Found a staircase to the Ecumenical Temple.
  7611 | Temple   | Entered the Ecumenical Temple
  7868 | Temple   | Became a worshipper of Gozag Ym Sagoz the Greedy
  8095 | D:7      | Found a basalt altar of Yredelemnul.
  8273 | D:7      | Reached skill level 1 in Shields
  8831 | D:7      | Reached skill level 5 in Transmutations
  8831 | D:7      | Reached XP level 9. HP: 30/55 MP: 12/15
  9122 | D:7      | Reached skill level 8 in Unarmed Combat
  9122 | D:7      | Noticed Dowan
  9122 | D:7      | Noticed Duvessa
  9387 | D:7      | Killed Duvessa
  9394 | D:7      | Killed Dowan
  9840 | D:7      | Noticed Prince Ribbit
  9861 | D:7      | Killed Prince Ribbit
 10038 | D:7      | Found a glowing golden altar of the Shining One.
 10041 | D:7      | Noticed an angel
 10060 | D:7      | Learned a level 5 spell: Blade Hands
 10187 | D:8      | Reached skill level 5 in Dodging
 10550 | D:8      | Reached skill level 5 in Spellcasting
 10742 | D:8      | Reached skill level 9 in Unarmed Combat
 12278 | D:10     | Entered Level 10 of the Dungeon
 12310 | D:10     | Found Ruutof Jeon's Weapon Boutique.
 12315 | D:10     | Reached XP level 10. HP: 63/63 MP: 14/18
 12344 | D:10     | Noticed a manticore
 12346 | D:10     | Noticed a brown ugly thing
 12356 | D:10     | Killed a brown ugly thing
 12373 | D:10     | Killed a manticore
 12374 | D:10     | Reached skill level 10 in Unarmed Combat
 12666 | D:10     | Found Iguom's Jewellery Shop.
 12669 | D:10     | Bought an uncursed ring of see invisible for 165 gold
                  | pieces
 13060 | D:10     | Found a runed translucent door.
 13062 | D:10     | Found a runed translucent door.
 13245 | D:10     | Noticed a tengu warrior
 13255 | D:10     | Killed a tengu warrior
 13964 | D:10     | Found a staircase to the Lair.
 14215 | D:11     | Reached XP level 11. HP: 67/67 MP: 18/21
 14251 | D:11     | Found a runed translucent gate.
 14254 | D:11     | Found a runed translucent gate.
 14254 | D:11     | Found a runed translucent gate.
 14254 | D:11     | Noticed a minotaur
 14264 | D:11     | Noticed Ijustatesigmund's ghost (journeyman OpFi)
 14479 | D:11     | Reached skill level 11 in Unarmed Combat
 14634 | D:11     | Noticed a centaur warrior
 14647 | D:11     | HP: 1/67 [centaur warrior/arrow (6)]
 14650 | D:11     | Shot with an arrow by a centaur warrior

Illustrated notes

Levels and vault maps discovered:
D:1:      amcnicky_arrival_gap_in_the_tavern_cellar, layout_basic,
          minmay_pentomino_t4
D:2:      layout_loops_ring
D:3:      layout_loops_ring, lemuel_zombie_altar_kikubaaqudgha,
          chequers_ecumenical_altar_simple_redux
D:4:      layout_basic, uniq_grinder
D:5:      layout_basic, nicolae_overflow_hidden_temple, serial_shops,
          shop_statue, okawaru_altar_gauntlet_db
D:6:      layout_cave_pools, minmay_temple_entry_mini_moons, uniq_edmund
D:7:      layout_loops_cross, grunt_temple_overflow_holy_war, uniq_duvessa,
          uniq_prince_ribbit1
D:8:      layout_loops_ring, minmay_crystal_room
D:9:      layout_long_grid
D:10:     lemuel_insect_pit, layout_basic, david_lair_shrubbed, serial_shops,
          kennysheep_mini_moat, shop
D:11:     layout_gridville, maelrawn_ghost_gauntlet_escape,
          kennysheep_generic_room_8
Temple:   oiseaux_autumnal_temple

Skill      XL: |  1  2  3  4  5  6  7  8  9 10 11 |
---------------+----------------------------------+-----
Stealth        | 1 |  1.6
Unarmed Combat | 4 5 6 7 9 10 11 | 11.0
Poison Magic   | 1 |  1.0
Transmutations | 3 4 5 7 |  7.1
Spellcasting   | 3 4 5 6 7 |  7.0
Dodging        | 3 4 5 6 |  6.6
Fighting       | 2 3 |  3.6
Shields        | 1 2 3 |  3.2
Evocations     | |  0.5

Action                   |  1- 3 |  4- 6 |  7- 9 | 10-12 || total
-------------------------+-------+-------+-------+-------++-------
Melee: Unarmed           |    85 |   100 |   354 |   214 ||   753
       Constrict         |    19 |    15 |    30 |    10 ||    74
       Tentacles         |    10 |    17 |    27 |    12 ||    66
       Punch             |     1 |       |     3 |     4 ||     8
 Cast: Spider Form       |       |     5 |    26 |    19 ||    50
       Blade Hands       |       |       |       |     2 ||     2
Evoke: Wand              |       |       |       |     3 ||     3
  Use: Scroll            |       |       |     8 |     1 ||     9
       Potion            |       |       |       |     4 ||     4
 Stab: Sleeping          |     7 |     7 |     6 |     2 ||    22
       Distracted        |       |       |     3 |       ||     3
       Paralysed         |       |       |       |     3 ||     3
Armor: Skin              |     7 |     5 |    10 |     4 ||    26
Dodge: Dodged            |    36 |    47 |   202 |   176 ||   461
Block: Other             |       |     3 |    61 |    43 ||   107
       Reflection        |       |       |     2 |     4 ||     6
